 Dungeon Crawl Stone Soup version 0.20-a0-1122-gb7cbeb9 (webtiles) character file.

26 Amnesiac the Chiller (level 2, -4/15 HPs)
             Began as a Deep Elf Ice Elementalist on May 14, 2017.
             Slain by a gnoll
             ... wielding a +0 halberd
              (9 damage)
             ... on level 3 of the Dungeon.
             The game lasted 00:00:57 (358 turns).

Amnesiac the Chiller (Deep Elf Ice Elementalist)     Turns: 358, Time: 00:00:57

Health: -4/15      AC:  3    Str:  5    XL:     2   Next: 89%
Magic:  3/9        EV: 13    Int: 19    God:
Gold:   14         SH:  0    Dex: 15    Spells: 8/9 levels left

rFire    . . .     SeeInvis .   (no weapon)
rCold    . . .     Gourm    .   (no shield)
rNeg     . . .     Faith    .   a - +0 robe
rPois    .         Spirit   .   (no helmet)
rElec    .         Reflect  .   (no cloak)
rCorr    +         Harm     .   f - +0 pair of gloves
MR       .....                  (no boots)
Stlth    ++........             (no amulet)
Regen    0.1/turn               e - ring of resist corrosion
MPRegen  0.2/turn               h - ring of wizardry

@: no status effects
A: no striking features
a: no special abilities


You were on level 3 of the Dungeon.
You were not hungry.

You visited 1 branch of the dungeon, and saw 3 of its levels.

You collected 14 gold pieces.

Inventory:

Armour
 a - a +0 robe (worn)
 f - a +0 pair of gloves (worn)
 m - a +2 shield
Jewellery
 e - a ring of resist corrosion (left hand)
 h - a ring of wizardry (right hand)
Scrolls
 g - a scroll of amnesia {!r, unknown}
 i - a scroll of identify {!r, unknown}
 l - a scroll of fog {!r, unknown}
Potions
 k - a potion of lignification {!q, unknown}
Books
 b - a book of Frost

   Spells                             Type                      Level
   a - Freeze                         Ice                          1
   b - Throw Frost                    Conjuration/Ice              2
   c - Ozocubu's Armour               Charms/Ice                   3
   d - Throw Icicle                   Conjuration/Ice              4
   e - Summon Ice Beast               Ice/Summoning                4
Comestibles
 c - a bread ration
 d - 7 chunks of flesh
 j - a royal jelly


   Skills:
 - Level 2.4 Dodging
 - Level 2.4 Stealth
 + Level 4.0 Spellcasting
   Level 1.1 Conjurations
 - Level 4.0 Ice Magic


You had 8 spell levels left.
You knew the following spells:

 Your Spells              Type           Power        Failure   Level  Hunger
a - Freeze                Ice            ###.         1%          1    None


Dungeon Overview and Level Annotations

Branches:
Dungeon (3/15)

Altars:


Message History

Confirm with . or Enter, or press ? or * to list all spells.
Aiming: Freeze
Press: ? - help, Shift-Dir - straight line, f - hobgoblin
Aim: a hobgoblin, wielding a club You freeze the hobgoblin.
You kill the hobgoblin!
Things that are here:
a club; a hobgoblin corpse You butcher the hobgoblin corpse.
d - 7 chunks of flesh (gained 2)
You see here a club.
You see here a glowing shield.
m - a glowing shield
There is an escape hatch in the floor here.
You slide downwards.
The hatch slams shut behind you. 3 gnolls come into view.
The gnoll shouts! x3; You hear a bark!
Found 12 gold pieces.
Casting: Freeze
Confirm with . or Enter, or press ? or * to list all spells.
Aiming: Freeze
Press: ? - help, Shift-Dir - straight line, f - gnoll
Aim: a gnoll, wielding a halberd You freeze the gnoll.
The gnoll is moderately wounded.
The gnoll closely misses you. x2
A hound comes into view.
Casting: Freeze
Confirm with . or Enter, or press ? or * to list all spells.
Aiming: Freeze
Press: ? - help, Shift-Dir - straight line, f/p - gnoll
Aim: a gnoll, wielding a halberd (moderately wounded)
You freeze the gnoll.
The gnoll is almost dead.
Unknown command.
Casting: Freeze
Confirm with . or Enter, or press ? or * to list all spells.
Aiming: Freeze
Press: ? - help, Shift-Dir - straight line, f/p - gnoll
Aim: a gnoll, wielding a halberd (almost dead)
You freeze the gnoll.
You kill the gnoll!
Your Spellcasting skill increases to level 4!
The gnoll hits you. The gnoll closely misses you.
Casting: Freeze
Confirm with . or Enter, or press ? or * to list all spells.
Aiming: Freeze
Press: ? - help, Shift-Dir - straight line, f - gnoll
Aim: a gnoll, wielding a halberd You freeze the gnoll.
The gnoll is lightly wounded.
The gnoll hits you!
* * * LOW HITPOINT WARNING * * *
The gnoll barely misses you.
Casting: Freeze
Confirm with . or Enter, or press ? or * to list all spells.
Aiming: Freeze
Press: ? - help, Shift-Dir - straight line, f/p - gnoll
Aim: a gnoll, wielding a halberd (lightly wounded)
You freeze the gnoll.
The gnoll is moderately wounded.
The gnoll closely misses you. The gnoll hits you with a halberd!
Ouch! That really hurt!
You die...

.... ... . ...
.. .. ...
########.##....
...............
.............#.
......g@h..$...
.......g.....#.
.............#
...............
............###
............#
............#
.............


You could see a hound and 2 gnolls.

Vanquished Creatures
  A gnoll (D:3)
  3 bats (D:1)
  A giant cockroach (D:1)
  A goblin (D:1)
  3 hobgoblins
  3 jackals (D:1)
  2 rats (D:2)
14 creatures vanquished.

Notes
Turn   | Place    | Note
-------+----------+-------------------------------------------
     0 | D:1      | Amnesiac the Deep Elf Ice Elementalist began the quest for the Orb.
     0 | D:1      | Reached XP level 1. HP: 10/10 MP: 6/6
    61 | D:1      | Reached XP level 2. HP: 15/15 MP: 0/8
   358 | D:3      | Slain by a gnoll

Vault maps used:
D:1:      lightli_arrival_lavapool, st_stairs_8
D:2:      lemuel_upstairs_altar

Skill      XL: |  1  2 |
---------------+-------+-----
Ice Magic      | 4 |  4.0
Spellcasting   | 4 |  4.0
Dodging        | |  2.4
Stealth        | |  2.4
Conjurations   | |  1.1

Action                   || total
-------------------------++-------
 Cast: Freeze            ||    24
Armor: Robe              ||     4
Dodge: Dodged            ||    23
